 Dungeon Crawl Stone Soup version 0.23.0 (webtiles) character file.

Game seed: 1604086219468516334

393 Blackhawk the Firebug (level 6, 0/45 HPs)
             Began as a Draconian Fire Elementalist on Feb 10, 2019.
             Was a Follower of Vehumet.
             Killed from afar by an orc wizard (8 damage)
             ... with a puff of flame
             ... on level 4 of the Dungeon.
             The game lasted 00:10:06 (5218 turns).

Blackhawk the Firebug (Draconian Fire Elementalist) Turns: 5218, Time: 00:10:07

Health: 0/45       AC:  6    Str: 11    XL:     6   Next: 51%
Magic:  8/11       EV: 13    Int: 17    God:    Vehumet [*.....]
Gold:   150        SH:  0    Dex: 11    Spells: 7/11 levels left

rFire    . . .     SeeInvis .   a - +0 dagger
rCold    . . .     Gourm    .   (no shield)
rNeg     . . .     Faith    .   (armour unavailable)
rPois    .         Spirit   .   (helmet restricted)
rElec    .         Reflect  .   (no cloak)
rCorr    .         Harm     .   (no gloves)
MR       .....                  (no boots)
Stlth    ++........             (no amulet)
HPRegen  0.15/turn              (no ring)
MPRegen  0.12/turn              (no ring)

@: no status effects
A: unfitting armour, cold-blooded, AC +6
a: Renounce Religion


You were on level 4 of the Dungeon.
You worshipped Vehumet.
Vehumet was aware of your devotion.
You were not hungry.

You visited 1 branch of the dungeon, and saw 4 of its levels.

You collected 150 gold pieces.

Inventory:

Hand Weapons
 a - a +0 dagger (weapon)
Jewellery
 r - an uncursed ring of ice
Scrolls
 e - 3 scrolls of enchant weapon {unknown}
 h - 7 scrolls of identify {unknown}
 i - a scroll of fog {unknown}
 j - a scroll of fear {unknown}
 k - 4 scrolls of remove curse {unknown}
 l - 2 scrolls of magic mapping {unknown}
 m - 4 scrolls of teleportation {unknown}
 q - a scroll of random uselessness {unknown}
Potions
 c - 2 potions of invisibility {unknown}
 d - a potion of brilliance {unknown}
 f - 5 potions of curing {unknown}
 g - a potion of agility {unknown}
 n - a potion of flight {unknown}
 o - a potion of heal wounds {unknown}
Comestibles
 b - 5 rations
 p - 3 chunks of flesh


   Skills:
 + Level 3.2 Dodging
 + Level 3.3 Stealth
 + Level 3.3 Spellcasting
 + Level 3.0 Conjurations
 + Level 4.2 Fire Magic


You had 7 spell levels left.
You knew the following spells:

 Your Spells              Type           Power        Failure   Level  Hunger
a - Flame Tongue          Conj/Fire      ###..        3%          1    None
b - Conjure Flame         Conj/Fire      ###.....     12%         3    ###....

Your spell library contained the following spells:

 Spells                   Type           Power        Failure   Level  Hunger
 Magic Dart               Conj           ##..         4%          1    None
 Throw Flame              Conj/Fire      ###...       6%          2    ##.....
 Inner Flame              Hex/Fire       ##......     22%         3    ###....
 Sticky Flame             Conj/Fire      ###.....     36%         4    ####...
 Fireball                 Conj/Fire      ###.......   71%         5    ######.


Dungeon Overview and Level Annotations

Branches:
Dungeon (4/15)             Temple (0/1) D:4

Altars:
Ashenzari
Cheibriados
Dithmenos
Hepliaklqana
Makhleb
Okawaru
Qazlal
Sif Muna
Trog
Vehumet


Innate Abilities, Weirdness & Mutations

Your plain brown scales are hard. (AC +6)
You cannot fit into any form of body armour.
You are cold-blooded and may be slowed by cold attacks.


Message History

A puff of flame appears from out of thin air!
The puff of flame hits you!
A magic dart appears from out of thin air!
The magic dart hits you.
A magic dart appears from out of thin air!
The magic dart hits you.
A puff of flame appears from out of thin air!
The puff of flame hits you.
* * * LOW HITPOINT WARNING * * *
Casting: Conjure Flame (safe; 12% risk of failure)
Confirm with . or Enter, or press ? or * to list all spells.
Aiming: Conjure Flame (safe; 12% risk of failure)
Press: ? - help, Dir - move target cursor The fire ignites!
A magic dart appears from out of thin air!
The magic dart hits you.
* * * LOW HITPOINT WARNING * * *
A puff of flame appears from out of thin air!
The puff of flame hits you!
You die...

#...#........{.....#.#.##>.....#.
..#.#.#..###########.#.##......#.
...###....#....# #.#.##......#.
#...#...#......#####.#.#######.#.
.#.....#.......'.....#.# .##
###.>.#####....#######.# #
.#.....#.......# ####.####
#...#...#..########...[...#
...###........ยง.@.)<......#
..#.#.#......######.......#
....#........# #.......###
....#........####.......#
........................#
........####............#
######### #............# .. #
#............# ..# #
#............# #.#


There were no monsters in sight!

Vanquished Creatures
  A bullfrog (D:4)
  A hound (D:4)
  A bullfrog skeleton (D:4)
  3 orc wizards (D:4)
  A hound zombie (D:4)
  3 gnolls
  2 adders
  2 oozes
  4 adder skeletons
  2 worms
  6 dart slugs
  4 leopard geckos
  9 orcs
  A ball python (D:2)
  2 giant cockroaches (D:3)
  8 goblins
  7 hobgoblins
  3 jackals (D:4)
  2 quokkas (D:2)
  5 bats
  5 frilled lizards
  12 kobolds
  5 rats
89 creatures vanquished.

Notes
Turn   | Place    | Note
-------+----------+-------------------------------------------
     0 | D:1      | Blackhawk the Draconian Fire Elementalist began the quest
                  | for the Orb.
     0 | D:1      | Reached XP level 1. HP: 14/14 MP: 3/3
   284 | D:1      | Reached XP level 2. HP: 20/20 MP: 1/5
  1281 | D:2      | Reached XP level 3. HP: 26/26 MP: 0/6
  1574 | D:2      | Found a hazy altar of Hepliaklqana.
  1886 | D:2      | Reached XP level 4. HP: 33/33 MP: 5/7
  2165 | D:2      | Found a shadowy altar of Dithmenos.
  2666 | D:3      | Learned a level 3 spell: Conjure Flame
  3369 | D:3      | Found a deep blue altar of Sif Muna.
  3374 | D:3      | Found a radiant altar of Vehumet.
  3378 | D:3      | Found a shattered altar of Ashenzari.
  3378 | D:3      | Found a burning altar of Makhleb.
  3378 | D:3      | Found a snail-covered altar of Cheibriados.
  3381 | D:3      | Found a bloodstained altar of Trog.
  3383 | D:3      | Found a stormy altar of Qazlal.
  3390 | D:3      | Became a worshipper of Vehumet
  3983 | D:4      | Found a staircase to the Ecumenical Temple.
  4008 | D:4      | Reached XP level 5. HP: 36/38 MP: 5/9
  4063 | D:4      | Found an iron altar of Okawaru.
  4710 | D:4      | Reached skill level 4 in Fire Magic
  4785 | D:4      | Reached XP level 6. HP: 45/45 MP: 3/10
  5067 | D:4      | Reached * piety under Vehumet
  5067 | D:4      | Offered knowledge of Magic Dart by Vehumet.
  5218 | D:4      | Killed from afar by an orc wizard

Skill      XL: |  1  2  3  4  5  6 |
---------------+-------------------+-----
Stealth        | 2 3 |  3.3
Dodging        | 2 3 |  3.2
Conjurations   | 2 3 |  3.0
Spellcasting   | 3 |  3.3
Fire Magic     | 4 |  4.2

Action                   |  1- 3 |  4- 6 || total
-------------------------+-------+-------++-------
Melee: Dagger            |    12 |    94 ||   106
       Tailslap          |       |    10 ||    10
 Cast: Flame Tongue      |    51 |   120 ||   171
       Conjure Flame     |       |     5 ||     5
 Stab: Sleeping          |       |     3 ||     3
  Eat: Chunk             |     4 |    11 ||    15
Armor: Skin              |     6 |    27 ||    33
Dodge: Dodged            |    16 |    92 ||   108
